 Dungeon Crawl Stone Soup version 0.27.1-1-g398f81649c (webtiles) character file.

Game seed: 4786170115979247756

945 diana the Ducker (level 8, -6/58 HPs)
             Began as a Djinni Fire Elementalist on Sept 17, 2021.
             Killed from afar by a white imp (9 damage)
             ... with a puff of frost
             ... on level 5 of the Dungeon.
             The game lasted 00:10:40 (7020 turns).

diana the Ducker (Djinni Fire Elementalist)         Turns: 7020, Time: 00:10:41

Health: -6/58      AC:  2    Str:  7    XL:     8   Next: 35%
Gold:   225        EV: 14    Int: 19    God:
                   SH:  0    Dex: 14

rFire    + + .     SeeInvis .   h - +0 short sword (freeze)
rCold    x . .     Faith    .   (no shield)
rNeg     . . .     Spirit   .   a - +0 robe
rPois    ∞         Reflect  .   (no helmet)
rElec    .         Harm     .   (no cloak)
rCorr    .         Rampage  .   (no gloves)
Will     .....                  (boots unavailable)
Stlth    ++........             (no amulet)
HPRegen  0.19/turn              (no ring)
MPRegen  0.00/turn              (no ring)

@: flying
A: sickness immunity, fire resistance 2, cold vulnerability 1, float, innate
caster, hp casting, extra vitality 1
a: no special abilities


You were on level 5 of the Dungeon.
You visited 1 branch of the dungeon, and saw 5 of its levels.

You collected 225 gold pieces.

Inventory:

Hand Weapons
 h - a +0 short sword of freezing (weapon)
Armour
 a - a +0 robe (worn)
Wands
 k - a wand of flame (32)
Scrolls
 b - a scroll of holy word {unknown}
 d - 4 scrolls of teleportation {unknown}
 e - a scroll of brand weapon {unknown}
 i - 2 scrolls of noise {unknown}
 j - a scroll of immolation {unknown}
Potions
 c - 2 potions of magic {unknown}
 f - 2 potions of mutation {unknown}
 g - 2 potions of brilliance {unknown}
 l - 3 potions of heal wounds {unknown}
 m - a potion of resistance {unknown}
 n - a potion of degeneration {unknown}


   Skills:
 + Level 4.3 Fighting
 + Level 5.4 Dodging
 - Level 1.5 Stealth
 * Level 5.4 Spellcasting


You couldn't memorise any spells.
You knew the following spells:

 Your Spells              Type           Power      Damage    Failure   Level
a - Foxfire               Conj/Fire      100%       2x1d9     1%          1
b - Conjure Flame         Conj/Fire      25%        6-21      3%          3
c - Inner Flame           Hex/Fire       25%        N/A       3%          3
d - Sticky Flame          Conj/Fire      25%        2d5       13%         4
e - Fireball              Conj/Fire      12%        3d7       34%         5
f - Freeze                Ice            100%       1d11      1%          1
g - Call Imp              Summ           25%        N/A       1%          2
h - Ensorcelled Hibernat  Hex/Ice        50%        N/A       1%          2
Your spell library was empty.

Dungeon Overview and Level Annotations

Branches:
Dungeon (5/15)
 Temple: D:4-7

Altars:

Annotations:
D:4 2 transporters, Steelgonads's ghost, amateur HuAr


Innate Abilities, Weirdness & Mutations

You are immune to sickness and miasma.
You are immune to poison.
Your flesh is very heat resistant. (rF++)
You are vulnerable to cold. (rC-)
You float through the air rather than walking.
You learn spells naturally, not from books.
Your magical power is your life essence.
You have superior vitality. (+4 HP)


Message History

There is a stone staircase leading up here.
You conjure some foxfire!
You conjure some foxfire!
The foxfire hits the gnoll sergeant.
The gnoll sergeant is moderately wounded.
The foxfire hits the gnoll sergeant.
The gnoll sergeant is moderately wounded.
The gnoll sergeant barely misses you.
You conjure some foxfire!
The foxfire hits the gnoll sergeant!
The gnoll sergeant is heavily wounded.
The foxfire hits the gnoll sergeant but does no damage.
The gnoll sergeant is heavily wounded.
The gnoll sergeant closely misses you.
You conjure some foxfire!
The foxfire hits the scorpion zombie but does no damage.
The scorpion zombie is heavily damaged.
The foxfire hits the scorpion zombie!
The scorpion zombie is almost destroyed.
The orc priest mumbles some strange prayers to Beogh against you.
Pain shoots through your body!
The gnoll sergeant hits you from afar with a +0 trident!
You conjure some foxfire!
The foxfire hits the orc wizard.
The orc wizard is moderately wounded.
The foxfire hits the orc wizard.
The orc wizard is heavily wounded.
The scorpion zombie misses you. The orc wizard closely misses you.
The gnoll sergeant hits you from afar with a +0 trident!
The white imp gestures at you. The puff of frost hits you!
You feel a terrible chill!
* * * LOW HITPOINT WARNING * * *
Unknown command.
The foxfire hits the scorpion zombie.
The scorpion zombie is almost destroyed.
The foxfire hits the scorpion zombie!
You destroy the scorpion zombie!
The orc wizard closely misses you.
The gnoll sergeant hits you from afar with a +0 trident!
* * * LOW HITPOINT WARNING * * *
The white imp gestures at you. The puff of frost hits you!
You feel a terrible chill!
You die...

## #. #5#
#..#######+###
#......#.....##
##......5......##
####.$.............#
......Z<..(........##.
####.....)..Z.@§......
#..=).....o.§...##.
#....)....g....$#
#............o..#
........$......##
##..............#
#####......##...
#.##### #...


You could see a gnoll sergeant, an orc priest, an orc wizard, a white imp and a
human zombie.

Vanquished Creatures
  Sigmund (D:2)
  A black bear (D:4)
  2 necrophages (D:4)
  A water moccasin skeleton (D:4)
  An orc priest (D:4)
  2 hounds (D:4)
  A bullfrog skeleton (D:4)
  A jelly (D:4)
  A scorpion zombie (D:5)
  Ijyb (D:3)
  Natasha (twice) (D:2)
  5 orc wizards
  4 adders
  4 gnolls
  An adder skeleton (D:4)
  2 worms (D:4)
  A dart slug (D:3)
  9 orcs
  7 ball pythons
  A bat (D:2)
  3 endoplasms
  2 giant cockroaches
  7 hobgoblins
  6 jackals
  5 kobolds
  2 quokkas (D:1)
  A frilled lizard (D:2)
  5 goblins
  A jackal zombie (D:5)
  6 rats
86 creatures vanquished.

Vanquished Creatures (collateral kills)
  6 foxfires
6 creatures vanquished.

Vanquished Creatures (others)
  471 foxfires
  5 fungi (D:1)
  18 plants
494 creatures vanquished.

Grand Total: 586 creatures vanquished

Notes
Turn   | Place    | Note
-------+----------+-------------------------------------------
     0 | D:1      | diana the Djinni Fire Elementalist began the quest for the
                  | Orb.
     0 | D:1      | Reached XP level 1. HP: 15/15 MP: 0/0
   402 | D:1      | Reached XP level 2. HP: 19/22 MP: 0/0
   559 | D:1      | Reached skill level 1 in Fighting
   938 | D:1      | Found a faded altar of an unknown god.
  1595 | D:2      | Reached XP level 3. HP: 25/27 MP: 0/0
  1595 | D:2      | Learned a level 1 spell: Freeze
  1729 | D:2      | Noticed Sigmund
  1987 | D:2      | Noticed Natasha
  1994 | D:2      | Killed Natasha
  1995 | D:2      | Reached XP level 4. HP: 14/32 MP: 0/0
  2677 | D:2      | Noticed Natasha
  2690 | D:2      | Killed Natasha
  2691 | D:2      | Reached XP level 5. HP: 13/38 MP: 0/0
  2691 | D:2      | Learned a level 2 spell: Call Imp
  3014 | D:2      | Killed Sigmund
  3015 | D:2      | Reached XP level 6. HP: 38/45 MP: 0/0
  3259 | D:3      | Noticed Ijyb
  3271 | D:3      | Killed Ijyb
  4296 | D:4      | Reached XP level 7. HP: 41/50 MP: 0/0
  4296 | D:4      | Learned a level 2 spell: Ensorcelled Hibernation
  5151 | D:4      | Reached skill level 5 in Dodging
  5151 | D:4      | Reached skill level 5 in Spellcasting
  5151 | D:4      | Reached XP level 8. HP: 49/58 MP: 0/0
  5621 | D:4      | Noticed Steelgonads's ghost (amateur HuAr)
  5624 | D:4      | Found a transporter.
  5626 | D:4      | Found a transporter.
  5933 | D:5      | Entered Level 5 of the Dungeon
  7020 | D:5      | Killed from afar by a white imp

Illustrated notes

Levels and vault maps discovered:
D:1:      lightli_arrival_chessboard, layout_loops_ring,
          dreamdust_ecumenical_altar_hidden_monk_grotto,
          chequers_serial_rivers_micro_a, nrook_loot_triangle,
          chequers_big_river
D:2:      layout_loops_ring, uniq_sigmund, uniq_natasha
D:3:      layout_loops_ring, amcnicky_mini_pool_small, uniq_ijyb
D:4:      layout_basic, serial_bayou, serial_bayou_pond_e,
          serial_bayou_crossing, serial_bayou_lake_a, serial_bayou_shore_b,
          serial_bayou_shore_b, gammafunk_ghost_smash
D:5:      layout_rooms, dk_yredelemnul_ordeal, lemuel_tele_altar,
          kennysheep_generic_room_2, uniq_crazy_yiuf_cottage

Skill      XL: |  1  2  3  4  5  6  7  8 |
---------------+-------------------------+-----
Fighting       | 1 2 3 4 |  4.3
Dodging        | 3 4 5 |  5.4
Spellcasting   | 3 4 5 |  5.4
Stealth        | |  1.5

Action                   |  1- 3 |  4- 6 |  7- 9 || total
-------------------------+-------+-------+-------++-------
Melee: Unarmed           |     4 |       |       ||     4
       Short sword       |       |     2 |       ||     2
 Cast: Foxfire           |    62 |    90 |   154 ||   306
       Freeze            |     4 |    10 |     5 ||    19
       Call Imp          |       |       |     7 ||     7
 Stab: Sleeping          |       |     1 |       ||     1
Armor: Robe              |     1 |     2 |     8 ||    11
Dodge: Dodged            |     4 |    12 |    50 ||    66
